[ AOE2 MATCH · #478662745 ]
UnrankedItalians vs None
Rival team · LOSS
[ REPLAY ANALYSIS · EXTRACTED FROM THE RECORDED GAME ]
Feudal
8:26
Castle
18:41
Imperial
—
| APM avg | 63.5 |
| APM peak | 94 |
| eAPM avg | 24.1 |
| Villagers / military | 53 / 31 |
Focus
⚔️ 33.3% · 🌾 66.7%
Archer ×20 · Mangonel ×6 · Monk ×2 · Spearman ×2 · Scorpion ×1
Feudal
8:50
Castle
19:02
Imperial
—
| APM avg | 83.8 |
| APM peak | 121 |
| eAPM avg | 28.6 |
| Villagers / military | 74 / 24 |
Focus
⚔️ 45.3% · 🌾 54.7%
Skirmisher ×12 · Mangonel ×6 · Camel Scout ×3 · Scout Cavalry ×2 · Spearman ×1
Match map
Initial resources + every placement click. Lines = walls · curves = elevation contours. ◆ gold · ⬟ stone · ● berries · ✦ relic · ◌ wall gap
Your base· ✓ Closed at 18:41 · 39t walls · 1 gate(s)
HR AboKeiTo's base· ✓ Closed at 19:02 · 69t walls · no gate
Smoothed initial terrain · ◌ = detected wall gap · hover for details
Inputs per minute
— HR Whitecourt - - HR AboKeiTo
Build order — HR Whitecourt
First 150 of 166 actions detected
| 0:01 | Create | Villager (Male) |
| 0:02 | Build | House |
| 0:02 | Build | House |
| 0:05 | Create | Villager (Male) |
| 0:05 | Create | Villager (Male) |
| 0:05 | Create | Villager (Male) |
| 1:24 | Create | Villager (Male) |
| 1:53 | Build | Lumber Camp |
| 2:00 | Create | Villager (Male) |
| 2:17 | Create | Villager (Male) |
| 2:45 | Create | Villager (Male) |
| 2:51 | Build | House |
| 3:06 | Create | Villager (Male) |
| 3:31 | Create | Villager (Male) |
| 3:51 | Build | House |
| 4:00 | Create | Villager (Male) |
| 4:14 | Create | Villager (Male) |
| 4:28 | Build | Mill |
| 4:48 | Create | Villager (Male) |
| 5:05 | Create | Villager (Male) |
| 5:50 | Create | Villager (Male) |
| 6:08 | Build | House |
| 6:16 | Research | Feudal Age |
| 6:49 | Build | Barracks |
| 6:57 | Create | Villager (Male) |
| 7:33 | Build | Palisade Wall |
| 7:40 | Research | Loom |
| 7:50 | Build | House |
| 7:51 | Build | Palisade Wall |
| 8:04 | Create | Villager (Male) |
| 8:26 | Age | Feudal Age |
| 8:28 | Build | Archery Range |
| 8:31 | Research | Double-Bit Axe |
| 8:36 | Create | Villager (Male) |
| 8:45 | Build | Mining Camp |
| 8:49 | Build | Palisade Wall |
| 8:51 | Build | Palisade Wall |
| 8:53 | Create | Villager (Male) |
| 9:08 | Build | Palisade Wall |
| 9:17 | Build | House |
| 9:23 | Create | Villager (Male) |
| 9:25 | Create | Archer |
| 9:54 | Build | Blacksmith |
| 10:02 | Create | Archer |
| 10:03 | Create | Villager (Male) |
| 10:15 | Build | House |
| 10:16 | Research | Loom |
| 10:33 | Create | Archer |
| 10:33 | Create | Villager (Male) |
| 10:52 | Build | House |
| 11:07 | Create | Villager (Male) |
| 11:11 | Create | Archer |
| 11:15 | Build | House |
| 11:29 | Create | Villager (Male) |
| 11:50 | Build | Farm |
| 11:51 | Build | House |
| 11:54 | Build | Farm |
| 11:55 | Create | Archer |
| 11:57 | Create | Villager (Male) |
| 12:04 | Create | Spearman |
| 12:19 | Build | Farm |
| 12:19 | Create | Villager (Male) |
| 12:21 | Build | Palisade Wall |
| 12:22 | Build | Palisade Wall |
| 12:22 | Build | Palisade Wall |
| 12:24 | Build | Palisade Wall |
| 12:27 | Create | Archer |
| 12:36 | Build | Farm |
| 12:51 | Build | Farm |
| 12:53 | Create | Villager (Male) |
| 13:05 | Build | House |
| 13:06 | Create | Archer |
| 13:18 | Build | Farm |
| 13:20 | Create | Villager (Male) |
| 13:31 | Build | Palisade Wall |
| 13:31 | Build | Palisade Wall |
| 13:45 | Create | Archer |
| 13:48 | Build | Farm |
| 13:48 | Create | Villager (Male) |
| 13:56 | Build | Palisade Wall |
| 13:58 | Build | Palisade Wall |
| 14:12 | Create | Villager (Male) |
| 14:13 | Build | Farm |
| 14:25 | Create | Villager (Male) |
| 14:42 | Create | Archer |
| 15:05 | Build | Market |
| 15:07 | Create | Villager (Male) |
| 15:12 | Create | Archer |
| 15:16 | Build | Palisade Gate |
| 15:36 | Create | Villager (Male) |
| 15:41 | Build | House |
| 15:55 | Build | Lumber Camp |
| 15:58 | Research | Castle Age |
| 16:05 | Build | House |
| 16:08 | Create | Archer |
| 16:21 | Build | House |
| 16:22 | Build | Palisade Wall |
| 16:30 | Build | House |
| 16:31 | Build | House |
| 16:32 | Build | House |
| 16:35 | Research | Fletching |
| 17:05 | Create | Archer |
| 17:11 | Research | Padded Archer Armor |
| 17:16 | Research | Gold Mining |
| 17:23 | Create | Spearman |
| 17:31 | Create | Archer |
| 18:11 | Build | Farm |
| 18:14 | Build | Farm |
| 18:41 | Age | Castle Age |
| 18:43 | Build | Siege Workshop |
| 18:46 | Research | Crossbowman (upgrade) |
| 18:58 | Research | Bodkin Arrow |
| 19:14 | Create | Villager (Male) |
| 19:17 | Create | Archer |
| 19:22 | Build | House |
| 19:25 | Create | Mangonel |
| 19:35 | Create | Villager (Male) |
| 19:47 | Build | Monastery |
| 19:51 | Create | Villager (Male) |
| 19:56 | Create | Mangonel |
| 20:06 | Create | Archer |
| 20:24 | Create | Villager (Male) |
| 20:30 | Create | Monk |
| 20:30 | Build | House |
| 20:31 | Build | House |
| 20:53 | Create | Villager (Male) |
| 20:54 | Build | Farm |
| 20:55 | Create | Scorpion |
| 21:04 | Create | Villager (Male) |
| 21:16 | Build | Town Center |
| 21:20 | Create | Archer |
| 21:37 | Create | Mangonel |
| 21:40 | Create | Villager (Male) |
| 21:53 | Create | Archer |
| 21:56 | Create | Villager (Male) |
| 21:59 | Build | House |
| 22:19 | Create | Villager (Male) |
| 22:19 | Create | Villager (Male) |
| 22:20 | Build | Farm |
| 22:27 | Build | House |
| 22:29 | Create | Monk |
| 22:46 | Create | Archer |
| 22:47 | Create | Villager (Male) |
| 22:48 | Build | Farm |
| 22:49 | Build | Farm |
| 22:53 | Build | Outpost |
| 22:56 | Build | Farm |
| 22:56 | Build | Farm |
| 23:16 | Create | Villager (Male) |
| 23:17 | Create | Villager (Male) |
Build order — HR AboKeiTo
First 150 of 168 actions detected
| 0:00 | Create | Villager (Male) |
| 0:01 | Build | House |
| 0:02 | Build | House |
| 0:08 | Create | Villager (Male) |
| 0:08 | Create | Villager (Male) |
| 0:14 | Create | Villager (Male) |
| 1:00 | Create | Villager (Male) |
| 1:31 | Create | Villager (Male) |
| 1:31 | Create | Villager (Male) |
| 2:06 | Create | Villager (Male) |
| 2:10 | Build | Lumber Camp |
| 2:19 | Create | Villager (Male) |
| 2:45 | Create | Villager (Male) |
| 3:05 | Create | Villager (Male) |
| 3:49 | Build | House |
| 4:04 | Create | Villager (Male) |
| 4:17 | Build | Palisade Wall |
| 4:27 | Create | Villager (Male) |
| 4:53 | Create | Villager (Male) |
| 4:53 | Create | Villager (Male) |
| 4:55 | Build | Mill |
| 5:09 | Create | Villager (Male) |
| 5:20 | Create | Villager (Male) |
| 5:20 | Create | Villager (Male) |
| 5:45 | Research | Loom |
| 6:19 | Build | Lumber Camp |
| 6:33 | Research | Feudal Age |
| 7:41 | Build | Barracks |
| 8:03 | Build | House |
| 8:34 | Create | Villager (Male) |
| 8:50 | Age | Feudal Age |
| 8:52 | Build | Stable |
| 8:55 | Build | Stable |
| 8:59 | Research | Double-Bit Axe |
| 9:00 | Create | Villager (Male) |
| 9:12 | Create | Spearman |
| 9:20 | Build | House |
| 9:36 | Create | Scout Cavalry |
| 9:36 | Create | Villager (Male) |
| 9:53 | Build | House |
| 10:00 | Create | Villager (Male) |
| 10:00 | Create | Scout Cavalry |
| 10:07 | Research | Horse Collar |
| 10:19 | Create | Villager (Male) |
| 10:22 | Create | Villager (Male) |
| 10:28 | Build | Palisade Wall |
| 10:31 | Build | Palisade Wall |
| 10:41 | Build | Palisade Wall |
| 10:46 | Create | Villager (Male) |
| 10:55 | Build | Palisade Wall |
| 10:57 | Create | Villager (Male) |
| 10:59 | Build | House |
| 11:03 | Build | Palisade Wall |
| 11:05 | Create | Villager (Male) |
| 11:14 | Create | Villager (Male) |
| 11:16 | Build | Farm |
| 11:21 | Build | Farm |
| 11:22 | Build | Farm |
| 11:29 | Build | Palisade Wall |
| 11:30 | Build | Palisade Wall |
| 11:39 | Build | Palisade Wall |
| 11:47 | Create | Villager (Male) |
| 11:50 | Build | House |
| 11:55 | Build | Farm |
| 11:56 | Build | Farm |
| 12:05 | Build | House |
| 12:08 | Build | Palisade Wall |
| 12:09 | Build | Palisade Wall |
| 12:12 | Create | Villager (Male) |
| 12:24 | Build | Farm |
| 12:39 | Create | Villager (Male) |
| 12:43 | Build | Farm |
| 12:45 | Build | Farm |
| 13:04 | Build | Farm |
| 13:12 | Build | Palisade Wall |
| 13:20 | Build | Farm |
| 13:51 | Build | House |
| 13:57 | Create | Villager (Male) |
| 14:07 | Build | Archery Range |
| 14:10 | Create | Villager (Male) |
| 14:22 | Create | Villager (Male) |
| 14:38 | Build | Mining Camp |
| 14:45 | Create | Skirmisher |
| 14:48 | Create | Villager (Male) |
| 15:02 | Create | Villager (Male) |
| 15:06 | Create | Villager (Male) |
| 15:07 | Build | Farm |
| 15:09 | Build | Farm |
| 15:18 | Create | Skirmisher |
| 15:44 | Create | Villager (Male) |
| 15:56 | Create | Villager (Male) |
| 16:01 | Build | Farm |
| 16:03 | Build | Farm |
| 16:22 | Research | Castle Age |
| 16:38 | Create | Skirmisher |
| 16:40 | Create | Villager (Male) |
| 16:43 | Build | Blacksmith |
| 17:04 | Create | Skirmisher |
| 17:07 | Create | Villager (Male) |
| 17:15 | Create | Villager (Male) |
| 17:17 | Build | House |
| 17:18 | Build | House |
| 17:36 | Create | Skirmisher |
| 17:43 | Research | Fletching |
| 17:56 | Create | Skirmisher |
| 18:08 | Research | Padded Archer Armor |
| 18:09 | Create | Villager (Male) |
| 18:11 | Build | Farm |
| 18:34 | Create | Skirmisher |
| 18:34 | Create | Skirmisher |
| 18:41 | Build | House |
| 19:02 | Age | Castle Age |
| 19:06 | Research | Crossbowman (upgrade) |
| 19:13 | Research | Bodkin Arrow |
| 19:18 | Build | Siege Workshop |
| 19:27 | Create | Villager (Male) |
| 19:28 | Build | Farm |
| 19:44 | Research | Elite Skirmisher (upgrade) |
| 19:52 | Build | House |
| 20:00 | Build | Mining Camp |
| 20:25 | Create | Villager (Male) |
| 20:46 | Create | Villager (Male) |
| 20:56 | Build | Town Center |
| 21:07 | Create | Skirmisher |
| 21:07 | Create | Skirmisher |
| 21:08 | Create | Villager (Male) |
| 21:14 | Create | Skirmisher |
| 21:19 | Create | Mangonel |
| 21:19 | Create | Mangonel |
| 21:22 | Create | Villager (Male) |
| 21:37 | Create | Villager (Male) |
| 21:39 | Create | Villager (Male) |
| 21:42 | Create | Villager (Male) |
| 21:46 | Create | Villager (Male) |
| 21:47 | Create | Villager (Male) |
| 21:52 | Create | Villager (Male) |
| 21:57 | Create | Villager (Male) |
| 21:59 | Create | Skirmisher |
| 22:07 | Create | Villager (Male) |
| 22:18 | Create | Mangonel |
| 22:21 | Create | Villager (Male) |
| 22:31 | Create | Villager (Male) |
| 22:34 | Build | Mining Camp |
| 22:41 | Build | Mill |
| 22:53 | Create | Villager (Male) |
| 23:17 | Create | Mangonel |
| 23:30 | Create | Villager (Male) |
| 23:40 | Build | Farm |
| 23:41 | Build | Farm |
| 23:46 | Create | Villager (Male) |
Match timeline
| 4:17 | HR AboKeiTo · wall_segment Palisade Wall x1 |
| 6:49 | HR Whitecourt · first_building Barracks |
| 7:33 | HR Whitecourt · wall_segment Palisade Wall x1 |
| 7:41 | HR AboKeiTo · first_building Barracks |
| 7:51 | HR Whitecourt · wall_segment Palisade Wall x4 |
| 8:26 | HR Whitecourt · age_up feudal |
| 8:28 | HR Whitecourt · first_building Archery Range |
| 8:49 | HR Whitecourt · wall_segment Palisade Wall x2 |
| 8:50 | HR AboKeiTo · age_up feudal |
| 8:51 | HR Whitecourt · wall_segment Palisade Wall x10 |
| 8:52 | HR AboKeiTo · first_building Stable |
| 9:08 | HR Whitecourt · wall_segment Palisade Wall x1 |
| 10:28 | HR AboKeiTo · wall_segment Palisade Wall x4 |
| 10:31 | HR AboKeiTo · wall_segment Palisade Wall x16 |
| 10:41 | HR AboKeiTo · wall_segment Palisade Wall x1 |
| 10:55 | HR AboKeiTo · wall_segment Palisade Wall x9 |
| 11:03 | HR AboKeiTo · wall_segment Palisade Wall x15 |
| 11:29 | HR AboKeiTo · wall_segment Palisade Wall x2 |
| 11:30 | HR AboKeiTo · wall_segment Palisade Wall x1 |
| 11:39 | HR AboKeiTo · wall_segment Palisade Wall x1 |
| 12:08 | HR AboKeiTo · wall_segment Palisade Wall x9 |
| 12:09 | HR AboKeiTo · wall_segment Palisade Wall x4 |
| 12:21 | HR Whitecourt · wall_segment Palisade Wall x1 |
| 12:22 | HR Whitecourt · wall_segment Palisade Wall x1 |
| 12:22 | HR Whitecourt · wall_segment Palisade Wall x1 |
| 12:24 | HR Whitecourt · wall_segment Palisade Wall x4 |
| 13:12 | HR AboKeiTo · wall_segment Palisade Wall x8 |
| 13:31 | HR Whitecourt · wall_segment Palisade Wall x5 |
| 13:31 | HR Whitecourt · wall_segment Palisade Wall x3 |
| 13:56 | HR Whitecourt · wall_segment Palisade Wall x2 |
| 13:58 | HR Whitecourt · wall_segment Palisade Wall x5 |
| 14:07 | HR AboKeiTo · first_building Archery Range |
| 15:58 | HR Whitecourt · first_market_buy 100 food |
| 16:22 | HR Whitecourt · wall_segment Palisade Wall x1 |
| 18:41 | HR Whitecourt · age_up castle |
| 18:43 | HR Whitecourt · first_building Siege Workshop |
| 19:02 | HR AboKeiTo · age_up castle |
| 19:18 | HR AboKeiTo · first_building Siege Workshop |
| 19:24 | HR Whitecourt · first_market_sell 100 wood |
| 19:47 | HR Whitecourt · first_building Monastery |
| 26:14 | HR AboKeiTo · resign |
[ AI ANALYSIS · 1 CREDIT ]
What really happened in this match?
Wolo.gg analyzes every decision: build order, eco, micro, common mistakes by bracket. Personalized analysis on WhatsApp or Discord in 30 seconds.
Civ guide
Italians
Perfil
Jugador #3101322